 Dungeon Crawl Stone Soup version 0.21.0-3-g78d12a8bdd (webtiles) character file.

357 Principatus the Digger (level 6, 0/32 HPs)
             Began as a Gargoyle Earth Elementalist on Jan 14, 2018.
             Was a Follower of Makhleb.
             Killed by divine providence
             ... invoked by an orc priest
              (16 damage)
             ... on level 3 of the Dungeon.
             The game lasted 00:15:37 (2113 turns).

Principatus the Digger (GrEE)                       Turns: 2113, Time: 00:15:37

Health: 0/32       AC: 12    Str: 12    XL:     6   Next: 64%
Magic:  6/11       EV: 11    Int: 17    God:    Makhleb [*.....]
Gold:   122        SH:  0    Dex: 12    Spells: 5/11 levels left

rFire    + . .     SeeInvis .   y - +2 dagger (freeze)
rCold    . . .     Gourm    .   (no shield)
rNeg     + . .     Faith    .   B - +2 ring mail {rF+}
rPois    ∞         Spirit   .   (no helmet)
rElec    +         Reflect  .   t - +0 cloak
rCorr    .         Harm     .   (no gloves)
MR       .....                  (no boots)
Stlth    +.........             (no amulet)
HPRegen  0.10/turn              i - +2 ring of dexterity
MPRegen  0.12/turn              (no ring)

@: no status effects
A: negative energy resistance 1, electricity resistance, unbreathing,
petrification resistance, rot immunity, AC +4
a: Renounce Religion


You were on level 3 of the Dungeon.
You worshipped Makhleb.
Makhleb was aware of your devotion.
You were hungry.

You visited 1 branch of the dungeon, and saw 3 of its levels.

You collected 122 gold pieces.

Inventory:

Hand Weapons
 k - a +0 hand axe
 y - a +2 dagger of freezing (weapon)
Missiles
 b - 20 stones (quivered)
 r - 7 javelins of penetration
 u - a throwing net
Armour
 o - a +0 leather armour
 t - a +0 cloak (worn)
 B - a +2 ring mail of fire resistance (worn)
Jewellery
 a - an uncursed ring of poison resistance {unknown}
 i - a +2 ring of dexterity (left hand)
Wands
 w - a wand of clouds (3)
Scrolls
 c - 3 scrolls of magic mapping {unknown}
 g - 2 scrolls of remove curse
 h - 2 scrolls of enchant armour {unknown}
 m - a scroll of fog {unknown}
 q - a scroll of fear {unknown}
 s - a scroll of teleportation {unknown}
 x - a scroll of blinking {unknown}
Potions
 f - 2 potions of degeneration {unknown}
 j - 2 potions of curing {unknown}
 l - a potion of ambrosia {unknown}
 n - a potion of heal wounds {unknown}
 p - 2 potions of mutation {unknown}
 v - a potion of haste {unknown}
 z - a potion of berserk rage {unknown}
 A - a potion of brilliance {unknown}
Books
 e - a book of Geomancy

   Spells                             Type                      Level
   a - Sandblast                      Earth                        1
   b - Passwall                       Transmutation/Earth          2
   c - Stone Arrow                    Conjuration/Earth            3
   d - Petrify                        Transmutation/Earth          4
   e - Lee's Rapid Deconstruction     Earth                        5
Comestibles
 d - 3 rations


   Skills:
 - Level 2.0 Dodging
 - Level 3.0 Stealth
 - Level 3.3 Spellcasting
 + Level 1.9 Transmutations
 * Level 6.1 Earth Magic
 + Level 2.2 Invocations


You had 5 spell levels left.
You knew the following spells:

 Your Spells              Type           Power        Failure   Level  Hunger
a - Sandblast             Erth           ###...       3%          1    None
b - Stone Arrow           Conj/Erth      ##....       32%         3    ###....
c - Passwall              Tmut/Erth      ###.......   11%         2    ##.....


Dungeon Overview and Level Annotations

Branches:
Dungeon (3/15)

Altars:
Makhleb
Qazlal
Ru


Innate Abilities, Weirdness & Mutations

You are resistant to torment.
Your stone body is resilient. (AC +4)
You are immune to poison.
You resist negative energy. (rN+)
You are resistant to electric shocks. (rElec)
You can survive without breathing.
You are immune to petrification.
You are immune to rotting.


Message History

b - 21 stones The orc wizard hits you with a dagger.
An orc priest comes into view. It is wielding a mace.
Casting: Sandblast
Confirm with . or Enter, or press ? or * to list all spells.
Aiming: Sandblast
Press: ? - help, Shift-Dir - straight line, f/p - orc
Aim: an orc, wielding a mace and wearing a chain mail (heavily wounded)
The blast of sand hits the orc wizard.
You kill the orc wizard!
Makhleb accepts your kill.
b - 20 stones The orc priest shouts!
You hear a shout!
The orc priest calls down the wrath of Beogh upon you.
Beogh smites you!
An orc comes into view. It is wielding a dagger.
The orc priest invokes the aid of Beogh against you.
Beogh smites you!
Ouch! That really hurt!
You die...

.... ...(..# ... .(..#
.. ...# .####.######.#
.#....oo).oo.#
.#.##.######.## #####
.#.##. #.#S## ##...##
......
#.###.#######<###.#####
.##### #.# ##o@...##.#
#.....# #.## ##
#.###....###.###.#
#..## ###
#####...####.## #...#
.# #####.....( ....# .#
#.##.## #...# #.##
#.##.## #...# ###..#
#....## #...# #....#
#.##### #...####.#..##
# #.#####


You could see an orc priest, an adder and 2 orcs.

Vanquished Creatures
  The ghost of denis1488 the Insei, an amateur OpTm (D:3)
  An orc wizard (D:3)
  Ijyb (D:3)
  7 adders
  A worm (D:2)
  2 dart slugs (D:1)
  A leopard gecko (D:2)
  3 bats
  5 giant cockroaches
  8 goblins
  4 hobgoblins (D:1)
  A quokka (D:3)
  A ball python (D:2)
  2 frilled lizards (D:1)
  5 kobolds
  10 rats
53 creatures vanquished.

Notes
Turn   | Place    | Note
-------+----------+-------------------------------------------
     0 | D:1      | Principatus the Gargoyle Earth Elementalist began the quest for the Orb.
     0 | D:1      | Reached XP level 1. HP: 10/10 MP: 3/3
   208 | D:1      | Reached XP level 2. HP: 15/15 MP: 3/5
   369 | D:1      | Reached skill level 4 in Earth Magic
   506 | D:1      | Reached XP level 3. HP: 16/19 MP: 0/6
   701 | D:1      | Learned a level 3 spell: Stone Arrow
   819 | D:2      | Found a sacrificial altar of Ru.
  1057 | D:2      | Noticed a water elemental
  1062 | D:2      | Noticed a fire elemental
  1065 | D:2      | Found a stormy altar of Qazlal.
  1068 | D:2      | Noticed an earth elemental
  1068 | D:2      | Noticed an air elemental
  1135 | D:2      | Reached XP level 4. HP: 21/24 MP: 2/8
  1258 | D:2      | Found a faded altar of an unknown god.
  1260 | D:2      | Became a worshipper of Makhleb the Destroyer
  1260 | D:2      | Reached * piety under Makhleb
  1268 | D:2      | Learned a level 2 spell: Passwall
  1556 | D:3      | Noticed denis1488's ghost (amateur OpTm)
  1710 | D:3      | Killed denis1488's ghost
  1710 | D:3      | Reached skill level 1 in Transmutations
  1710 | D:3      | Reached skill level 5 in Earth Magic
  1710 | D:3      | Reached skill level 1 in Invocations
  1710 | D:3      | Reached XP level 5. HP: 28/28 MP: 5/10
  1710 | D:3      | Reached XP level 6. HP: 32/32 MP: 5/11
  1941 | D:3      | Noticed Ijyb
  1994 | D:3      | Killed Ijyb
  1994 | D:3      | Reached skill level 6 in Earth Magic
  2113 | D:3      | Killed from afar by an orc priest

Skill      XL: |  1  2  3  4  5  6 |
---------------+-------------------+-----
Earth Magic    | 4 5 6 |  6.1
Dodging        | 2 |  2.0
Stealth        | 3 |  3.0
Spellcasting   | 3 |  3.3
Transmutations | 1 |  1.9
Invocations    | 1 2 |  2.2

Action                   |  1- 3 |  4- 6 || total
-------------------------+-------+-------++-------
Melee: Hand axe          |    17 |    28 ||    45
Throw: Stone             |       |     1 ||     1
 Cast: Sandblast         |    48 |    47 ||    95
  Use: Scroll            |     1 |       ||     1
 Stab: Sleeping          |       |     1 ||     1
  Eat: Chunk             |     1 |     3 ||     4
Armor: Robe              |     5 |       ||     5
       Leather armour    |     3 |    20 ||    23
       Ring mail         |       |     1 ||     1
Dodge: Dodged            |    26 |    22 ||    48
